[Event "FIDE World School-ch O-9 2025"]
[Site "Vrnjacka Banja"]
[Date "2025.03.24"]
[Round "5.1"]
[White "Sultankhan, Nurislam"]
[Black "Wee, Yu Heng Lucas John"]
[Result "1-0"]
[Annotator "NA RC"]
[ECO "A05"]
[WhiteElo "1649"]
[BlackElo "1680"]
[PlyCount "81"]
[EventDate "2025.03.19"]
[EventType "swiss"]
[EventCountry "SRB"]
[SourceTitle "playchess.com"]
[Source "ChessBase"]
[SourceQuality "1"]
[TimeControl "5400+30"]

1. Nf3 Nf6 2. b3 g6 3. Bb2 Bg7 4. g3 O-O 5. Bg2 d5 6. O-O c5 7. d4 cxd4 8. Bxd4 Nc6 9. Bb2 Qc7 10. Nbd2 e5 11. c3 Bf5 12. Rc1 Rfd8 13. b4 Ne8 14. Qb3 e4 15. Ne1 Bh6 16. e3 Bg4 17. Nc2 Be2 18. Rfe1 Bd3 19. c4 d4 20. Nxe4 Bxc2 21. Rxc2 Qb6 22. a3 a5 23. c5 Qb5 24. Bf1 d3 25. Nd6 Rxd6 26. cxd6 Ne5 27. Bxe5 d2 28. Rxd2 Qxe5 29. d7 Nd6 30. Red1 Bf8 31. bxa5 Qxa5 32. Rxd6 Bxd6 33. Rxd6 Qd8 34. Qb6 Kf8 35. Qxd8+ Rxd8 36. Bb5 Ke7 37. Rb6 Ra8 38. a4 Ra7 39. Rd6 Kd8 40. Rf6 Ke7 41. Rxf7+ 1-0

[Event "FIDE World School-ch O-9 2025"]
[Site "Vrnjacka Banja"]
[Date "2025.03.24"]
[Round "5.2"]
[White "Nematillakhonov, Nurmuhammad"]
[Black "Ulan, Rizat"]
[Result "1/2-1/2"]
[Annotator "NA RC"]
[ECO "A58"]
[WhiteElo "1767"]
[BlackElo "1769"]
[PlyCount "124"]
[EventDate "2025.03.19"]
[EventType "swiss"]
[EventCountry "SRB"]
[SourceTitle "playchess.com"]
[Source "ChessBase"]
[SourceQuality "1"]
[TimeControl "5400+30"]

1. d4 Nf6 2. c4 g6 3. g3 c5 4. d5 b5 5. cxb5 a6 6. bxa6 Bg7 7. Nc3 O-O 8. e4 d6 9. Nf3 Nxa6 10. Bg2 Nb4 11. a3 c4 12. O-O Nd3 13. a4 Qb6 14. Qc2 Rb8 15. a5 Qb3 16. Qxb3 Rxb3 17. a6 Nxc1 18. a7 Bb7 19. Rfxc1 Ra8 20. Nd2 Rxb2 21. Nxc4 Rb4 22. Rcb1 Rxb1+ 23. Rxb1 Rxa7 24. e5 dxe5 25. Nxe5 Nxd5 26. Bxd5 Bxe5 27. Nb5 Bxd5 28. Nxa7 e6 29. Nc8 Bf6 30. Nd6 Be5 31. Nb5 g5 32. h3 Kg7 33. Re1 f6 34. Na3 h5 35. Nc2 Kf7 36. Ne3 Bf3 37. Rb1 Kg6 38. Rb6 Kf7 39. Nc4 Bd4 40. Ra6 Bd5 41. Nd2 Ke7 42. Nf1 Kf7 43. Ra4 Be5 44. Ne3 Bc6 45. Ra7+ Kf8 46. Ra6 Bb7 47. Rxe6 Bc8 48. Rc6 Bxh3 49. Nc4 Bd4 50. Rd6 Bc3 51. Rc6 Bd4 52. Rc7 Be6 53. Nd2 f5 54. Nf3 Bf6 55. Kh2 Kg8 56. Ne1 h4 57. Nd3 hxg3+ 58. fxg3 f4 59. gxf4 gxf4 60. Rc6 Kf7 61. Nxf4 Be5 62. Kg3 Bxf4+ 1/2-1/2

[Event "FIDE World School-ch O-9 2025"]
[Site "Vrnjacka Banja"]
[Date "2025.03.24"]
[Round "5.3"]
[White "Agar, Garig"]
[Black "Dede, Omer Taha"]
[Result "1-0"]
[Annotator "NA RC"]
[ECO "D31"]
[WhiteElo "1620"]
[BlackElo "1647"]
[PlyCount "151"]
[EventDate "2025.03.19"]
[EventType "swiss"]
[EventCountry "SRB"]
[SourceTitle "playchess.com"]
[Source "ChessBase"]
[SourceQuality "1"]
[TimeControl "5400+30"]

1. d4 d5 2. c4 e6 3. Nc3 a6 4. cxd5 exd5 5. Nf3 c6 6. Bf4 Nf6 7. e3 Be6 8. Bd3 Bd6 9. O-O O-O 10. Qd2 Qc7 11. Rac1 Nbd7 12. b4 Nb6 13. Bg3 Qd7 14. a3 Rac8 15. Qc2 h6 16. Ne5 Bxe5 17. Bxe5 Ng4 18. Bg3 f5 19. h3 Nf6 20. Nb1 Ne4 21. Bh2 Nc4 22. Bxc4 dxc4 23. f3 Nf6 24. Nd2 b5 25. Rfe1 Nd5 26. Nf1 Nb6 27. Rcd1 Rcd8 28. Ng3 Nd5 29. Qc1 f4 30. Nf1 fxe3 31. Nxe3 Nf4 32. Bxf4 Rxf4 33. Nc2 Rff8 34. Qe3 Bf5 35. Qc3 Rfe8 36. Rxe8+ Rxe8 37. Ne3 Bd3 38. Ng4 Rd8 39. Ne5 Qxd4+ 40. Qxd4 Rxd4 41. Nxc6 Rf4 42. Ne5 Bc2 43. Rd2 Bb3 44. Rd5 c3 45. Rc5 Rc4 46. Nxc4 Bxc4 47. Re5 Bb3 48. Re1 c2 49. Kf2 Kf7 50. Ke3 Ke6 51. f4 h5 52. g4 hxg4 53. hxg4 g6 54. Kd4+ Kd6 55. Kc3 Ba4 56. f5 g5 57. f6 c1=Q+ 58. Rxc1 Ke6 59. Rf1 Kf7 60. Kb2 Ke8 61. f7+ Kf8 62. Kc3 Bd1 63. Rxd1 Kxf7 64. Rd6 Ke7 65. Rxa6 Kf7 66. Kd4 Ke7 67. Ke5 Kd7 68. Re6 Kc7 69. Rd6 Kb7 70. Kd5 Kc7 71. Kc5 Kb7 72. Rc6 Ka7 73. Rb6 Ka8 74. Kc6 Ka7 75. Kc7 Ka8 76. Ra6# 1-0

[Event "FIDE World School-ch O-9 2025"]
[Site "Vrnjacka Banja"]
[Date "2025.03.24"]
[Round "5.4"]
[White "Lee, Jinwoo A"]
[Black "Batbileg, Boldbaatar"]
[Result "0-1"]
[Annotator "NA RC"]
[ECO "D37"]
[WhiteElo "1525"]
[BlackElo "1637"]
[PlyCount "90"]
[EventDate "2025.03.19"]
[EventType "swiss"]
[EventCountry "SRB"]
[SourceTitle "playchess.com"]
[Source "ChessBase"]
[SourceQuality "1"]
[TimeControl "5400+30"]

1. d4 d5 2. c4 e6 3. Nc3 a6 4. cxd5 exd5 5. Nf3 Nf6 6. Bf4 Be7 7. e3 O-O 8. Bd3 c5 9. O-O c4 10. Bc2 Bg4 11. Re1 Nc6 12. a3 b5 13. h3 Bh5 14. Qe2 Re8 15. Bd1 Qb6 16. Bc2 b4 17. axb4 Bxb4 18. Qd1 Rad8 19. g4 Bg6 20. Bxg6 hxg6 21. Qc2 Ne4 22. Red1 Na5 23. Nd2 Nxd2 24. Qxd2 Nb3 25. Qc2 Nxa1 26. Rxa1 Re7 27. Bg5 f6 28. Bf4 g5 29. Bg3 Bxc3 30. Qxc3 Rb7 31. Rb1 a5 32. f3 a4 33. Be1 Qb3 34. Qa5 Rdd7 35. Qa8+ Kh7 36. Qa5 Qa2 37. Rd1 Rxb2 38. Rd2 a3 39. Qa8 Rxd2 40. Bxd2 Qb1+ 41. Kg2 Rb7 42. Qe8 g6 43. Qe6 a2 44. Bc3 a1=Q 45. Bxa1 Qxa1 0-1

[Event "FIDE World School-ch O-9 2025"]
[Site "Vrnjacka Banja"]
[Date "2025.03.24"]
[Round "5.5"]
[White "Khabul, Chinzorig"]
[Black "Pinskiy, German Ant"]
[Result "1/2-1/2"]
[Annotator "NA RC"]
[ECO "D52"]
[WhiteElo "1513"]
[BlackElo "1600"]
[PlyCount "96"]
[EventDate "2025.03.19"]
[EventType "swiss"]
[EventCountry "SRB"]
[SourceTitle "playchess.com"]
[Source "ChessBase"]
[SourceQuality "1"]
[TimeControl "5400+30"]

1. d4 d5 2. c4 e6 3. Nc3 Nf6 4. Bg5 c6 5. e3 Nbd7 6. Nf3 Qa5 7. Bxf6 Nxf6 8. a3 Ne4 9. Qc2 Bb4 10. Rc1 Bxc3+ 11. bxc3 Qxa3 12. Bd3 O-O 13. O-O f5 14. Ne5 Nf6 15. c5 Qa5 16. c4 Qc7 17. Ra1 Nd7 18. f4 Nxe5 19. fxe5 Bd7 20. cxd5 cxd5 21. Rfb1 Bc6 22. Kh1 g6 23. Rg1 Qf7 24. Raf1 a6 25. g4 Bb5 26. Bxb5 axb5 27. gxf5 exf5 28. Qb3 Qd7 29. Rb1 Ra5 30. Ra1 Rfa8 31. Rxa5 Ra7 32. Ra6 Rxa6 33. Rb1 Ra5 34. Qb4 Kf7 35. Qb3 Qd8 36. Rf1 Kg7 37. Rb1 Kh6 38. Qd3 Ra2 39. Qf1 Qh4 40. Qf4+ Qxf4 41. exf4 Ra5 42. Kg2 Kg7 43. Rb3 Kf7 44. Kf3 Ke7 45. Ke3 Kd7 46. Kd3 Kc6 47. Kc3 h6 48. h4 Ra8 1/2-1/2

[Event "FIDE World School-ch O-9 2025"]
[Site "Vrnjacka Banja"]
[Date "2025.03.24"]
[Round "5.6"]
[White "Zhanabayev, Arystan"]
[Black "Bondarev, Fedor"]
[Result "1/2-1/2"]
[Annotator "NA RC"]
[ECO "B22"]
[WhiteElo "1507"]
[BlackElo "1598"]
[PlyCount "117"]
[EventDate "2025.03.19"]
[EventType "swiss"]
[EventCountry "SRB"]
[SourceTitle "playchess.com"]
[Source "ChessBase"]
[SourceQuality "1"]
[TimeControl "5400+30"]

1. e4 c5 2. c3 d5 3. exd5 Qxd5 4. d4 Nf6 5. Nf3 e6 6. Be2 cxd4 7. cxd4 Nc6 8. Nc3 Qd8 9. O-O Be7 10. Be3 O-O 11. Qa4 Bd7 12. Rfd1 Nb4 13. Bb5 Bxb5 14. Nxb5 a6 15. Nc3 Nbd5 16. Bg5 Rc8 17. Rac1 Qd6 18. Bxf6 Bxf6 19. Ne4 Qf4 20. Rxc8 Rxc8 21. Nc5 Qc7 22. Nd3 Qc2 23. Qxc2 Rxc2 24. Rc1 Rxc1+ 25. Nxc1 Kf8 26. Kf1 Ke7 27. Nd3 b6 28. g4 g5 29. Ke2 Kd6 30. Nde5 Ke7 31. Nd3 h6 32. Kd2 Bg7 33. b4 f6 34. h4 Kd6 35. hxg5 hxg5 36. a4 Nf4 37. Nxf4 gxf4 38. Kd3 Kd5 39. g5 fxg5 40. Nxg5 b5 41. a5 Bf8 42. Kc3 Be7 43. Nf3 Ke4 44. Ne5 f3 45. Nd7 Bh4 46. Nc5+ Kd5 47. Nd3 Bg5 48. Nc5 Be3 49. Nxa6 Bxd4+ 50. Kd3 e5 51. Nc7+ Kc6 52. Ne6 Bxf2 53. Ng5 Be1 54. Nxf3 Bxb4 55. Nxe5+ Kb7 56. Kc2 Bxa5 57. Kb3 Kb6 58. Nc4+ bxc4+ 59. Kxc4 1/2-1/2